 Dungeon Crawl Stone Soup version 0.23.0 (webtiles) character file.

Game seed: 12381063002459711377

1546315 EnegeticOcto the Hand of Fortune (level 27, 323/323 HPs)
             Began as an Ogre Artificer on Feb 18, 2019.
             Was the Champion of Nemelex Xobeh.
             Escaped with the Orb
             ... and 3 runes!
             The game lasted 03:27:55 (81367 turns).

EnegeticOcto the Hand of Fortune (Ogre Artificer)  Turns: 81367, Time: 03:27:56

Health: 323/323    AC: 29    Str: 23    XL:     27
Magic:  40/40      EV: 17    Int: 12    God:    Nemelex Xobeh [******]
Gold:   2775       SH: 29    Dex: 21    Spells: 20/26 levels left

rFire    + . .     SeeInvis .   a - +8 demon trident "Rift" {distort, reach+}
rCold    . . .     Gourm    .   T - +2 large shield
rNeg     . . .     Faith    .   o - +4 storm dragon scales
rPois    +         Spirit   .   O - +0 hat "Homackof" {rPois MR+ Regen+}
rElec    +         Reflect  +   A - +1 cloak {MR+}
rCorr    .         Harm     .   (gloves unavailable)
MR       +++..     Rnd*Rage +   (boots unavailable)
Stlth    ..........             W - +6 amulet of reflection
HPRegen  1.03/turn              B - ring "Waeverid" {rF+ MR- AC+4 Dex+2}
MPRegen  0.27/turn              K - +5 ring of slaying {=R}

@: no status effects
A: large, unfitting armour, agile 1, berserk 1, blurry vision 1, deterioration
2, screaming 1, tough skin 1, weak 1
0: Orb of Zot
}: 3/15 runes: decaying, serpentine, slimy
a: Draw Escape, Draw Destruction, Draw Summoning, Draw Stack, Triple Draw, Deal
Four, Stack Five, Renounce Religion


You escaped.
You worshipped Nemelex Xobeh.
Nemelex Xobeh was exalted by your worship.
You were full.

You visited 11 branches of the dungeon, and saw 53 of its levels.
You visited 1 bazaar.
You also visited: Gauntlet.

You collected 5245 gold pieces.
You spent 2470 gold pieces at shops.

Inventory:

Hand Weapons
 a - the +8 demon trident "Rift" (weapon) {distort, reach+}
   (You found it on level 4 of the Vaults)

   It warps and distorts space around it.
   Unwielding it can cause banishment or high damage.
 b - a +9 demon trident of electrocution
Missiles
 u - 3 throwing nets (quivered) {!f}
Armour
 o - +4 storm dragon scales (worn)
 A - a +1 cloak of magic resistance (worn)
 O - the +0 hat "Homackof" (worn) {rPois MR+ Regen+}
   (You found it in a Gauntlet)

   It protects you from poison.
   It affects your resistance to hostile enchantments.
   It increases your rate of regeneration.
 T - a +2 large shield (worn)
 X - a scarf of resistance
Jewellery
 B - the ring "Waeverid" (left hand) {rF+ MR- AC+4 Dex+2}
   (You found it on level 6 of the Lair of Beasts)

   [ring of protection]

   It affects your AC (+4).
   It affects your dexterity (+2).
   It protects you from fire.
   It affects your resistance to hostile enchantments.
 K - a +5 ring of slaying (right hand) {=R}
 W - a +6 amulet of reflection (around neck)
Wands
 d - a wand of scattershot (10)
 m - a wand of acid (13)
 D - a wand of clouds (2)
 G - a wand of enslavement (22)
 N - a wand of digging (1)
 U - a wand of iceblast (25)
 V - a wand of paralysis (36)
Scrolls
 g - a scroll of summoning
 i - 11 scrolls of teleportation {@r3 !r}
 j - a scroll of silence
 p - 10 scrolls of fog
 r - 10 scrolls of fear
 y - 9 scrolls of immolation
 E - 7 scrolls of blinking {@r4}
 Y - 7 scrolls of identify {@r1}
 Z - 9 scrolls of remove curse {@r2}
Potions
 c - 9 potions of curing {@q1}
 h - 5 potions of mutation
 k - 6 potions of flight
 l - 7 potions of magic
 n - 3 potions of resistance
 s - 3 potions of might {@q3 !q}
 t - 4 potions of haste {@q4 !q}
 v - 5 potions of heal wounds {@q2}
 x - 5 potions of agility {@q5 !q}
 z - 5 potions of lignification {@q6 !q}
 C - 2 potions of ambrosia
 J - 6 potions of invisibility
 L - 7 potions of brilliance
 P - 3 potions of cancellation
 R - 2 potions of berserk rage
Miscellaneous
 w - a phial of floods
 F - a lamp of fire
 I - a phantom mirror
 Q - a sack of spiders
 S - 3 boxes of beasts
Comestibles
 f - 50 rations


   Skills:
 O Level 27 Fighting
   Level 0.8 Short Blades
 - Level 14.0 Polearms
 + Level 17.9 Armour
 + Level 15.1 Dodging
 - Level 0.6 Stealth
 - Level 15.0 Shields
 O Level 27 Invocations
 - Level 2.4 Evocations


You had 20 spell levels left.
You knew the following spells:

 Your Spells              Type           Power        Failure   Level  Hunger
a - Apportation           Tloc           #.....       77%         1    ##.....
b - Confusing Touch       Hex            #.....       77%         1    ##.....
c - Summon Lightning Spi  Summ/Air       #.......     100%        4    #####..

Your spell library contained the following spells:

 Spells                   Type           Power        Failure   Level  Hunger
 Animate Skeleton         Necr           N/A          77%         1    ##.....
 Beastly Appendage        Tmut           #.....       77%         1    ##.....
 Infusion                 Chrm           #...         77%         1    ##.....
 Magic Dart               Conj           #...         77%         1    ##.....
 Shock                    Conj/Air       #...         77%         1    ##.....
 Summon Butterflies       Summ           #.......     77%         1    ##.....
 Summon Small Mammal      Summ           #...         77%         1    ##.....
 Blink                    Tloc           N/A          88%         2    ###....
 Call Imp                 Summ           #.......     88%         2    ###....
 Ensorcelled Hibernation  Hex/Ice        #.....       88%         2    ###....
 Slow                     Hex            #.......     88%         2    ###....
 Song of Slaying          Chrm           #.......     88%         2    ###....
 Sticks to Snakes         Tmut           #.......     88%         2    ###....
 Swiftness                Chrm/Air       #.......     88%         2    ###....
 Call Canine Familiar     Summ           #.......     98%         3    ####...
 Confuse                  Hex            #.......     98%         3    ####...
 Conjure Flame            Conj/Fire      #.......     98%         3    ####...
 Gell's Gravitas          Tloc           #.........   98%         3    ####...
 Ignite Poison            Fire/Tmut/Pois #.......     98%         3    ####...
 Lesser Beckoning         Tloc           #.........   98%         3    ####...
 Mephitic Cloud           Conj/Pois/Air  #.......     98%         3    ####...
 Regeneration             Chrm/Necr      #.........   98%         3    ####...
 Spectral Weapon          Hex/Chrm       #.......     98%         3    ####...
 Spider Form              Tmut/Pois      #.........   98%         3    ####...
 Static Discharge         Conj/Air       #.......     98%         3    ####...
 Summon Guardian Golem    Hex/Summ       #.......     98%         3    ####...
 Tukima's Dance           Hex            #.......     98%         3    ####...
 Airstrike                Air            #.........   100%        4    #####..
 Ice Form                 Ice/Tmut       #.......     100%        4    #####..
 Petrify                  Tmut/Erth      #.......     100%        4    #####..
 Summon Ice Beast         Ice/Summ       #.......     100%        4    #####..
 Alistair's Intoxication  Tmut/Pois      #.......     100%        5    ######.
 Blade Hands              Tmut           #.........   100%        5    ######.
 Borgnjor's Vile Clutch   Necr/Erth      #.........   100%        5    ######.
 Lightning Bolt           Conj/Air       #.........   100%        5    ######.
 Metabolic Englaciation   Hex/Ice        #.........   100%        5    ######.
 Silence                  Hex/Air        #.........   100%        5    ######.
 Yara's Violent Unravell  Hex/Tmut       #.........   100%        5    ######.
 Bolt of Cold             Conj/Ice       #.........   100%        6    #######
 Conjure Ball Lightning   Conj/Air       #.........   100%        6    #######
 Darkness                 Hex            #.........   100%        6    #######
 Freezing Cloud           Conj/Ice/Air   #.........   100%        6    #######
 Invisibility             Hex            #.......     100%        6    #######
 Ozocubu's Refrigeration  Ice            #.........   100%        6    #######
 Shadow Creatures         Summ           N/A          100%        6    #######
 Simulacrum               Ice/Necr       #.........   100%        6    #######


Dungeon Overview and Level Annotations

Branches:
Dungeon (15/15)            Temple (1/1) D:5            Lair (6/6) D:9
  Swamp (4/4) Lair:4        Snake (4/4) Lair:2        Slime (5/5) Lair:5
    Orc (2/2) D:9             Elf (2/3) Orc:2        Vaults (4/5) D:13
  Crypt (0/3) Vaults:3     Depths (5/5) D:15            Zot (5/5) Depths:5

Altars:
Ashenzari
Cheibriados
Dithmenos
Elyvilon
Fedhas
Gozag
Hepliaklqana
Kikubaaqudgha
Makhleb
Nemelex Xobeh
Okawaru
Qazlal
Ru
Sif Muna
Trog
Uskayaw
Vehumet
Wu Jian
Xom
Yredelemnul
Zin
The Shining One
Jiyva

Shops:
D:4 :%   D:10 ([*?[   Orc:2 [(=:   Snake:3 *   Depths:4 }=}=

Portals:
Hell: Depths:1 Depths:2 Depths:3 Depths:4 Depths:5
Abyss: Depths:3 Depths:4
Pandemonium: Depths:1 Depths:3 Depths:5
Ziggurat: Depths:5

Annotations:
Lair:1 1 runed translucent door, binko's ghost, novice TrMo
Lair:5 exclusion: 4 oklob plants
Swamp:3 exclusion: Roxanne, Roxanne
Elf:2 3 runed translucent doors
Zot:5 exclusion: orange crystal statue


Innate Abilities, Weirdness & Mutations

You are too large for most types of armour.
You have tough skin. (AC +1)
You are agile. (Dex +2)
You tend to lose your temper in combat.
Scrolls take you a little longer to read.
Your body often deteriorates upon taking damage.
You occasionally shout uncontrollably at your foes.
You are weak. (Str -2)


Message History

The green death is heavily wounded.
The green death hits you but does no damage.
You impale the green death!!
The green death looks slightly unstable.
The green death is almost dead.
You puncture the green death!
You kill the green death!
Your life force feels restored.
No target in view!
No target in view!
(D) Dungeon (T) Temple (L) Lair (S) Swamp (P) Snake Pit (M) Slime Pits (O) Orcish Mines (E) Elven Halls (V) Vaults (C) Crypt (U) Depths (H) Hell (Z) Zot
Where to? (Enter - D:1 @ (x,y), ? - help)
There is an open door here.
There is a dry fountain here.
There is an open door here.
There is a staircase leading out of the dungeon here.
You have escaped!

##.# ###'### #.##......
#.#####.....#####.########
#.#...#.....#...#.# #
#######.#.8.'..⌠..'.8.#.########
#.......#...#...2.#...#.##...#..
#.......#####.....#####.####.#.#
#.......# ###'### #.##...#.#
#....÷..#### #...# #..#.###.#
#..........# #.@.# #..#.###.#
###########.# #...# ##..#.....#
.........##.#########
#...#..####
.........##.........###..##...#
..................#.#....###..#
..................#...#.####..#
####..............##..#.##....#
#..............##.....#.##.###
#.....................#......#


You could see a hell beast.

Vanquished Creatures
  the Royal Jelly (Slime:5)
  5 orbs of fire (Zot:5)
  4 juggernauts
  4 ancient liches (Zot:5)
  3 Killer Klowns (Zot:5)
  Vashnia (Snake:2)
  Saint Roka (Depths:2)
  2 caustic shrikes (Depths:4)
  7 golden dragons
  A bone dragon (Depths:5)
  2 electric golems
  8 tentacled monstrosities
  26 Orb Guardians
  4 liches
  8 quicksilver dragons
  A titan (Depths:5)
  19 acid blobs
  Asterion (Snake:2)
  5 sphinxes
  A tengu reaver (Depths:2)
  A death cob (Zot:3)
  A thorn hunter (Swamp:2)
  5 storm dragons
  A draconian monk (Zot:1)
  8 nagarajas
  3 shadow dragons
  Louise (Swamp:3)
  7 azure jellies
  7 fire giants
  3 draconian scorchers
  6 vault wardens
  3 ghost moths
  2 draconian knights
  5 frost giants
  A reaper (Depths:1)
  A spriggan defender (Depths:4)
  An iron dragon (Depths:4)
  A deep elf elementalist (Depths:3)
  4 draconian shifters
  10 ironheart preservers
  5 draconian annihilators
  19 stone giants
  25 very ugly things
  5 green draconians
  A vampire knight (Depths:3)
  A dire elephant (Lair:6)
  9 purple draconians
  5 white draconians
  A dire elephant (shapeshifter) (Depths:4)
  2 spark wasps
  10 red draconians
  5 black draconians
  7 yellow draconians
  An eidolon (Vaults:4)
  2 deep elf death magi
  A green death (D:1)
  31 ettins
  3 death oozes (Slime:5)
  2 jiangshi
  15 fire dragons
  A deep elf high priest (Depths:4)
  6 rakshasas
  A crystal guardian (Vaults:3)
  4 yaktaur captains
  16 great orbs of eyes
  13 naga warriors
  15 hydras
  2 monstrous demonspawn
  19 anacondas
  4 catoblepae
  13 centaur warriors
  3 shambling mangroves
  4 ice dragons
  4 death knights
  8 alligators
  Erica (D:9)
  9 spriggan air magi
  8 deep troll shamans
  2 ghost crabs (Swamp:2)
  A queen ant (Lair:2)
  2 vampire magi
  46 two-headed ogres
  14 ogre magi
  3 spriggan berserkers
  6 deep troll earth magi
  12 dancing weapons
  10 death yaks
  9 naga sharpshooters
  3 tengu warriors (Depths:1)
  9 shock serpents
  8 deep elf knights
  A sun demon (Depths:2)
  4 salamander mystics (Snake:4)
  5 iron trolls
  A fire crab (shapeshifter) (Vaults:4)
  A spriggan druid (Swamp:4)
  6 hell knights
  A sixfirhy (D:7)
  2 skeletal warriors (D:15)
  3 shadow wraiths
  A torturous demonspawn (Depths:1)
  A shadow demon (Depths:5)
  6 flayed ghosts
  An unseen horror (D:13)
  2 death drakes
  8 swamp dragons
  22 deep trolls
  4 lindwurms (Snake:4)
  6 glowing orange brains
  7 deep elf archers
  6 wizards
  9 naga ritualists
  An obsidian statue (Zot:5)
  A shadow dragon zombie (D:15)
  A swamp dragon (shapeshifter) (Depths:4)
  5 phantasmal warriors
  Pikel (D:7)
  5 harpies (Vaults:4)
  3 necromancers
  12 ironbrand convokers
  A wolf spider (Vaults:2)
  16 mana vipers
  5 orc sorcerers
  14 orc knights
  A shining eye (shapeshifter) (Elf:1)
  6 shining eyes
  12 moths of wrath
  44 deep elf magi
  12 salamanders
  58 ugly things
  6 cyclopes
  A frost giant skeleton (D:15)
  15 elephants
  3 manticores
  A spriggan zombie (D:15)
  10 guardian serpents
  A guardian serpent (shapeshifter) (Vaults:2)
  An elephant (shapeshifter) (D:13)
  22 vault sentinels
  A centaur zombie (D:15)
  A rust devil (Depths:3)
  17 spiny frogs
  40 black mambas
  25 naga magi
  5 eyes of devastation
  An orange demon (Depths:3)
  5 centaur skeletons
  A water nymph (Snake:4)
  A hellion (Depths:5)
  9 freezing wraiths
  7 komodo dragons
  A torpor snail (Lair:4)
  A rime drake (shapeshifter) (D:13)
  A kobold demonologist (D:13)
  A yaktaur zombie (D:15)
  36 yaktaurs
  2 rime drakes
  2 komodo dragons (shapeshifter)
  3 hellwings
  A tormentor (Depths:3)
  2 red devils
  An ice devil (Depths:5)
  10 tyrant leeches
  4 tengu conjurers
  A polar bear (Lair:3)
  A merfolk (D:11)
  10 trolls
  A wind drake (Snake:2)
  3 meliai (D:15)
  A queen bee (Orc:2)
  18 hornets
  Prince Ribbit (D:9)
  A jumping spider (Vaults:4)
  Grinder (D:3)
  A snapping turtle (Snake:4)
  19 bog bodies
  87 slime creatures
  4 blink frogs (Lair:6)
  6 dream sheep (Lair:3)
  11 hippogriffs
  An air elemental (Elf:2)
  A spriggan (shapeshifter) (D:15)
  4 shadows
  5 wraiths
  A yak (shapeshifter) (Vaults:4)
  A human (D:2)
  2 tarantellas (shapeshifter)
  4 water elementals
  A hog (shapeshifter) (Depths:3)
  43 yaks
  9 spriggans
  A golden eye (shapeshifter) (Orc:2)
  A hungry ghost (D:14)
  3 fire bats (Depths:4)
  5 basilisks
  A chaos spawn (Zot:3)
  3 hogs (Snake:2)
  2 wyverns
  A fire elemental (Elf:2)
  A human (shapeshifter) (Vaults:2)
  Menkaure (D:7)
  A neqoxec (Depths:3)
  5 golden eyes
  A human simulacrum (Vaults:2)
  18 vampire mosquitoes
  A warg (Vaults:3)
  A soldier ant (shapeshifter) (Depths:4)
  15 swamp worms
  An acid dragon (D:14)
  47 nagas
  A soldier ant (Orc:2)
  A floating eye (shapeshifter) (Depths:4)
  2 floating eyes
  10 porcupines
  14 swamp drakes
  13 water moccasins
  27 orc warriors
  2 sky beasts
  2 black bears (Lair:6)
  11 eyes of draining
  5 ice beasts
  50 ogres
  A phantom (D:9)
  A tengu (D:9)
  15 wolves
  10 boggarts
  A necrophage (D:12)
  17 centaurs
  An elf simulacrum (Vaults:1)
  11 crocodiles
  6 big kobolds (D:13)
  Blork the orc (D:4)
  13 bullfrogs
  A wyvern zombie (D:9)
  Dowan (D:6)
  3 scorpions
  8 howler monkeys
  A human zombie (D:3)
  2 bullfrog zombies
  4 crimson imps
  5 hounds
  A quasit (Depths:3)
  An iron imp (Depths:3)
  9 jellies
  19 orc priests
  A bullfrog skeleton (D:13)
  Jessica (D:3)
  4 iguanas
  Natasha (twice) (D:3)
  4 hell rats (Lair:1)
  21 orc wizards
  4 worker ants
  6 adders
  15 river rats (Lair:1)
  6 shadow imps
  3 white imps
  2 ufetubi (Depths:3)
  3 oozes
  An adder zombie (D:9)
  A worm (D:2)
  A ball lightning (D:8)
  4 leopard geckos
  90 orcs
  4 ball pythons
  A giant cockroach (D:1)
  6 goblins
  8 hobgoblins
  7 jackals
  6 kobolds
  10 quokkas
  7 bats
  13 frilled lizards
  A goblin skeleton (D:4)
  A goblin zombie (D:4)
  3 hobgoblin zombies (D:4)
  2 leopard gecko skeletons
  A leopard gecko zombie (D:7)
  2 orc skeletons (D:4)
  3 orc zombies (D:4)
  22 rats
  6 briar patches (Swamp:2)
  A fire vortex (Depths:2)
2004 creatures vanquished.

Vanquished Creatures (collateral kills)
  2 orbs of fire (Zot:5)
  Mennas (Depths:5)
  the Lernaean hydra (Swamp:4)
  An electric golem (Zot:5)
  A fire giant (Depths:3)
  An ettin (Depths:3)
  Josephine (Snake:1)
  Harold (D:8)
  A two-headed ogre (Vaults:4)
  A centaur warrior (Depths:2)
  An ironbrand convoker (Vaults:4)
  4 ugly things
  A shining eye (Slime:2)
  A slime creature (D:15)
  Joseph (D:7)
  A centaur zombie (Gauntlet)
  A spectral meliai (Gauntlet)
  A wraith (Snake:1)
  A centaur (D:8)
  A crocodile (D:9)
  A wyvern zombie (D:8)
  2 orcs (Orc:2)
27 creatures vanquished.

Vanquished Creatures (others)
  An ancient champion (Vaults:3)
  Kirke (Snake:2)
  A fire giant (Depths:4)
  2 stone giants
  A minotaur (Gauntlet)
  6 yaktaur captains
  An alligator (Swamp:2)
  4 two-headed ogres
  2 centaur warriors
  2 naga sharpshooters
  A deep troll (Orc:2)
  A deep elf archer (Vaults:4)
  An orc knight (Vaults:3)
  A death drake (Gauntlet)
  A lindwurm (Orc:2)
  A deep elf mage (Vaults:4)
  A cyclops (Vaults:2)
  4 black mambas
  A naga mage (Snake:2)
  A spiny frog (Lair:4)
  A komodo dragon (Orc:2)
  17 yaktaurs
  3 humans (Snake:2)
  A porcupine (Lair:5)
  4 slaves (D:7)
  8 centaurs
  4 ogres
  A boggart (Depths:2)
  A bullfrog (D:8)
  An iron imp (Depths:3)
  A centaur skeleton (D:9)
  An ufetubus (Depths:3)
  5 ball lightnings
  A leopard gecko (D:1)
  4 orcs
  5 briar patches
  16 fungi
  38 plants
  A withered plant (D:15)
147 creatures vanquished.

Grand Total: 2178 creatures vanquished

Notes
Turn   | Place    | Note
-------+----------+-------------------------------------------
     0 | D:1      | EnegeticOcto the Ogre Artificer began the quest for the
                  | Orb.
     0 | D:1      | Reached XP level 1. HP: 19/19 MP: 2/2
   371 | D:1      | Reached XP level 2. HP: 7/28 MP: 3/3
   624 | D:1      | Reached skill level 1 in Polearms
   905 | D:1      | Reached skill level 1 in Shields
   905 | D:1      | Reached XP level 3. HP: 35/35 MP: 4/4
  1325 | D:2      | Found an opulent altar of Gozag.
  2052 | D:2      | Found a glowing golden altar of the Shining One.
  2263 | D:3      | Found an ornate altar of the Wu Jian Council.
  2275 | D:3      | Noticed Grinder
  2289 | D:3      | Paralysed by Grinder for 6 turns
  2299 | D:3      | Paralysed by Grinder for 6 turns
  2307 | D:3      | Paralysed by Grinder for 6 turns
  2334 | D:3      | Killed Grinder
  2334 | D:3      | Reached XP level 4. HP: 17/48 MP: 5/5
  2334 | D:3      | Reached XP level 5. HP: 19/54 MP: 6/6
  2334 | D:3      | Reached XP level 6. HP: 22/62 MP: 7/7
  2812 | D:3      | Found a runed translucent door.
  2812 | D:3      | Noticed a human
  2816 | D:3      | Found a basalt altar of Yredelemnul.
  3387 | D:2      | Killed a human
  3387 | D:2      | Reached XP level 7. HP: 26/71 MP: 8/8
  4111 | D:3      | Noticed Jessica
  4129 | D:3      | Killed Jessica
  4129 | D:3      | Reached skill level 5 in Fighting
  4129 | D:3      | Reached skill level 5 in Polearms
  4136 | D:3      | Found a deep blue altar of Sif Muna.
  4287 | D:4      | Found Hetiz's Food Emporium.
  4383 | D:4      | Found a glowing golden altar of the Shining One.
  4497 | D:4      | Noticed Natasha
  4716 | D:3      | Killed Natasha
  4742 | D:3      | Noticed Natasha
  4761 | D:3      | Killed Natasha
  5767 | D:4      | Reached XP level 8. HP: 49/83 MP: 9/9
  6023 | D:4      | Found Zaocakub's Book Shoppe.
  6066 | D:4      | Noticed Blork the orc
  6097 | D:5      | Entered Level 5 of the Dungeon
  6778 | D:5      | Found a staircase to the Ecumenical Temple.
  6787 | Temple   | Entered the Ecumenical Temple
  6991 | Temple   | Became a worshipper of Nemelex Xobeh the Trickster
  7142 | D:5      | Found a hazy altar of Hepliaklqana.
  7142 | D:5      | Found a snail-covered altar of Cheibriados.
  7147 | D:5      | Found a burning altar of Makhleb.
  7149 | D:5      | Found a sacrificial altar of Ru.
  7150 | D:5      | Found a faded altar of an unknown god.
  7184 | D:5      | Received a gift from Nemelex Xobeh
  8031 | D:6      | Found a basalt altar of Yredelemnul.
  8031 | D:6      | Found an iron altar of Okawaru.
  8049 | D:6      | Reached * piety under Nemelex Xobeh
  8194 | D:6      | Reached skill level 1 in Invocations
  8517 | D:6      | Received a gift from Nemelex Xobeh
  8645 | D:6      | HP: 2/87 [ice beast (7)]
  8670 | D:6      | Reached XP level 9. HP: 8/93 MP: 10/10
  9551 | D:7      | Noticed Duvessa
  9552 | D:7      | Found a shattered altar of Ashenzari.
  9556 | D:7      | Reached ** piety under Nemelex Xobeh
  9557 | D:7      | Noticed Dowan
  9570 | D:7      | Noticed Duvessa
  9570 | D:7      | Duvessa changed into Duvessa the jelly
  9571 | D:7      | Killed Duvessa the jelly
  9586 | D:6      | Killed Dowan
  9659 | D:7      | Received a gift from Nemelex Xobeh
  9697 | D:7      | Noticed Pikel
  9710 | D:7      | Killed Pikel
  9710 | D:7      | Reached skill level 5 in Shields
  9894 | D:7      | Noticed Joseph
  9905 | D:7      | Killed Joseph
 10036 | D:7      | Found a white marble altar of Elyvilon.
 10061 | D:7      | Noticed Menkaure
 10070 | D:7      | Killed Menkaure
 10316 | D:7      | Received a gift from Nemelex Xobeh
 10422 | D:8      | Noticed Psyche
 10425 | D:8      | Noticed Psyche
 10425 | D:8      | Psyche changed into Psyche the wolf
 10432 | D:8      | Killed Psyche the wolf
 10577 | D:8      | Noticed Harold
 10589 | D:8      | Killed Harold
 10939 | D:8      | Noticed a two-headed ogre
 10950 | D:8      | Killed a two-headed ogre
 10950 | D:8      | Reached XP level 10. HP: 107/107 MP: 13/13
 11827 | D:9      | Noticed a two-headed ogre
 11832 | D:9      | Killed a two-headed ogre
 11832 | D:9      | Reached skill level 5 in Invocations
 11832 | D:9      | Noticed Erica
 11851 | D:9      | Killed Erica
 11851 | D:9      | Reached skill level 10 in Polearms
 11919 | D:9      | Found a staircase to the Orcish Mines.
 12991 | D:9      | Noticed a manticore
 13279 | D:9      | Noticed Prince Ribbit
 13298 | D:9      | Killed Prince Ribbit
 13303 | D:9      | Noticed a two-headed ogre
 13318 | D:9      | Killed a two-headed ogre
 13318 | D:9      | Reached skill level 10 in Fighting
 13318 | D:9      | Reached XP level 11. HP: 43/117 MP: 15/15
 13783 | D:9      | Found a staircase to the Lair.
 14082 | D:10     | Entered Level 10 of the Dungeon
 14082 | D:10     | Found Ituomina's General Store.
 14101 | D:10     | Received a gift from Nemelex Xobeh
 14104 | D:10     | Found Doihe's Antique Armour Emporium.
 14107 | D:10     | Reached *** piety under Nemelex Xobeh
 14241 | D:10     | Bought a +2 amulet of reflection for 105 gold pieces
 14847 | D:10     | Found Hocsuapung's Magic Scroll Shoppe.
 14859 | D:10     | Bought a scroll of teleportation for 39 gold pieces
 14859 | D:10     | Bought a scroll of fear for 45 gold pieces
 15035 | D:9      | Killed a manticore
 16093 | D:10     | Received a gift from Nemelex Xobeh
 16156 | D:10     | Found Segyinuc's Weapon Shop.
 16181 | D:10     | Noticed Maurice
 16184 | D:10     | Noticed Maurice
 16184 | D:10     | Maurice changed into Maurice the centaur
 16190 | D:10     | Killed Maurice the centaur
 16454 | D:10     | Found Ceympis's Antique Armour Boutique.
 16562 | D:10     | Bought an embroidered cloak for 165 gold pieces
 16632 | D:10     | Received a gift from Nemelex Xobeh
 17150 | D:11     | You fall through a shaft for 3 floors!
 17201 | D:14     | Noticed a wizard
 17887 | D:13     | Received a gift from Nemelex Xobeh
 18167 | D:13     | Reached **** piety under Nemelex Xobeh
 18189 | D:13     | Noticed a two-headed ogre
 18203 | D:13     | Killed a two-headed ogre
 18450 | D:11     | Noticed a two-headed ogre
 18467 | D:11     | Killed a two-headed ogre
 18589 | D:11     | Noticed a five-headed hydra
 18672 | Lair:1   | Entered Level 1 of the Lair of Beasts
 18886 | Lair:1   | You fall through a shaft!
 18927 | Lair:2   | Reached XP level 12. HP: 106/130 MP: 17/17
 18999 | Lair:1   | Found a runed translucent door.
 19000 | Lair:1   | Noticed binko's ghost (novice TrMo)
 19081 | Lair:1   | Received a gift from Nemelex Xobeh
 19148 | Lair:1   | Found a gate leading to a gauntlet.
 19157 | Gauntlet | Entered a Gauntlet
 19157 | Gauntlet | Found a transporter.
 19157 | Gauntlet | Found a transporter.
 19173 | Gauntlet | Found a transporter.
 19173 | Gauntlet | Found a transporter.
 19175 | Gauntlet | Found a large runed translucent door.
 19176 | Gauntlet | Found a large runed translucent door.
 19177 | Gauntlet | Found a large runed translucent door.
 19177 | Gauntlet | Found a large runed translucent door.
 19177 | Gauntlet | Found a runed translucent door.
 19177 | Gauntlet | Found a runed translucent door.
 19178 | Gauntlet | Found a large runed translucent door.
 19178 | Gauntlet | Found a large runed translucent door.
 19178 | Gauntlet | Found a large runed translucent door.
 19178 | Gauntlet | Found a large runed translucent door.
 19179 | Gauntlet | Found a large runed translucent door.
 19179 | Gauntlet | Found a large runed translucent door.
 19180 | Gauntlet | Received a gift from Nemelex Xobeh
 19180 | Gauntlet | Found a large runed translucent door.
 19180 | Gauntlet | Found a large runed translucent door.
 19181 | Gauntlet | Found a runed translucent gate.
 19181 | Gauntlet | Found a runed translucent gate.
 19181 | Gauntlet | Found a runed translucent gate.
 19183 | Gauntlet | Found a transporter.
 19193 | Gauntlet | Found a transporter.
 19193 | Gauntlet | Found a transporter.
 19193 | Gauntlet | Noticed a reaper
 19217 | Gauntlet | Found a transporter.
 19226 | Gauntlet | Found a transporter.
 19237 | Gauntlet | Found a large runed translucent door.
 19238 | Gauntlet | Found a large runed translucent door.
 19240 | Gauntlet | Found a transporter.
 19258 | Gauntlet | Found a transporter.
 19279 | Gauntlet | Found a large runed translucent door.
 19280 | Gauntlet | Found a transporter.
 19280 | Gauntlet | Found a large runed translucent door.
 19326 | Gauntlet | Found a transporter.
 19342 | Gauntlet | Found a transporter.
 19441 | Gauntlet | Found a transporter.
 19453 | Gauntlet | Noticed a death ooze
 19455 | Gauntlet | Found a transporter.
 19472 | Gauntlet | Reached ***** piety under Nemelex Xobeh
 20132 | Gauntlet | Got a translucent hat
 20166 | Gauntlet | Identified the +0 hat "Homackof" {rPois MR+ Regen+} (You
                  | found it in a Gauntlet)
 20218 | Gauntlet | Noticed a minotaur
 20234 | Gauntlet | Killed a minotaur
 20252 | Gauntlet | Got a slimy robe
 20275 | Lair:1   | Identified the cursed +1 robe of Gozag's Condemnation {+Fly
                  | rCorr} (You found it in a Gauntlet)
 20562 | Lair:1   | Received a gift from Nemelex Xobeh
 21688 | Lair:2   | Received a gift from Nemelex Xobeh
 22107 | Lair:2   | Noticed a four-headed hydra
 22109 | Lair:2   | Noticed a queen ant
 22109 | Lair:2   | a four-headed hydra changed into a queen ant
 22124 | Lair:2   | Killed a queen ant
 22323 | Lair:2   | Found a staircase to the Snake Pit.
 22805 | Lair:2   | Received a gift from Nemelex Xobeh
 23112 | Lair:3   | Reached XP level 13. HP: 100/139 MP: 20/20
 23477 | Lair:3   | Received a gift from Nemelex Xobeh
 23987 | Lair:4   | Received a gift from Nemelex Xobeh
 24024 | Lair:4   | Reached skill level 10 in Invocations
 24710 | Lair:4   | Found a staircase to the Swamp.
 24756 | Lair:4   | Reached skill level 10 in Shields
 24812 | Lair:4   | Received a gift from Nemelex Xobeh
 25201 | Lair:4   | Reached ****** piety under Nemelex Xobeh
 25223 | Lair:4   | Reached skill level 1 in Armour
 25860 | Lair:5   | Received a gift from Nemelex Xobeh
 26101 | Lair:5   | Found a staircase to the Slime Pits.
 26451 | Lair:5   | Received a gift from Nemelex Xobeh
 26561 | Lair:6   | Entered Level 6 of the Lair of Beasts
 27063 | Lair:6   | Reached XP level 14. HP: 155/155 MP: 22/22
 27314 | Lair:6   | Received a gift from Nemelex Xobeh
 27522 | Lair:6   | Reached skill level 5 in Armour
 27540 | Lair:6   | Identified the +6 fustibalus of Tugin {velocity, rF+ SInv}
                  | (You found it on level 6 of the Lair of Beasts)
 28199 | Lair:6   | Noticed a dire elephant
 28206 | Lair:6   | Killed a dire elephant
 28232 | Lair:6   | Got a transparent bone ring
 28233 | Lair:6   | Identified the ring "Waeverid" {rF+ MR- AC+4 Dex+2} (You
                  | found it on level 6 of the Lair of Beasts)
 28459 | Orc:1    | Entered Level 1 of the Orcish Mines
 28482 | Orc:1    | Received a gift from Nemelex Xobeh
 28587 | Orc:1    | Reached skill level 15 in Fighting
 29027 | Orc:1    | Noticed a stone giant
 29037 | Orc:1    | Killed a stone giant
 29191 | Orc:1    | Received a gift from Nemelex Xobeh
 29271 | Orc:2    | Entered Level 2 of the Orcish Mines
 29495 | Orc:2    | Found Muimaudu's Jewellery Shoppe.
 29785 | Orc:2    | Found Zigevo's Book Shop.
 29793 | Orc:2    | Found Wostenydd's Antique Armour Boutique.
 29793 | Orc:2    | Found Hyusopt's Antique Weapon Boutique.
 29857 | Orc:2    | Found a staircase to the Elven Halls.
 29909 | Orc:2    | Bought a runed trident for 188 gold pieces
 29941 | Orc:2    | Received a gift from Nemelex Xobeh
 30235 | D:11     | Reached XP level 15. HP: 106/165 MP: 24/24
 30571 | D:12     | Received a gift from Nemelex Xobeh
 31248 | D:13     | Received a gift from Nemelex Xobeh
 31385 | D:13     | Found a gate to the Vaults.
 31695 | D:14     | Noticed Nessos
 31697 | D:14     | Noticed Nessos
 31697 | D:14     | Nessos changed into Nessos the death drake
 31707 | D:14     | Killed Nessos the death drake
 31847 | D:14     | Received a gift from Nemelex Xobeh
 32156 | D:14     | Received a gift from Nemelex Xobeh
 32177 | D:14     | You fall through a shaft!
 32177 | D:15     | Entered Level 15 of the Dungeon
 33406 | D:15     | Identified the +7 halberd "Asij" {chop, Dex+4}
 33580 | Snake:1  | Entered Level 1 of the Snake Pit
 33724 | Snake:1  | Received a gift from Nemelex Xobeh
 33850 | Snake:1  | Found a glowing golden altar of the Shining One.
 34079 | Snake:1  | Noticed Josephine
 34091 | Snake:1  | Killed Josephine
 34168 | Snake:1  | Received a gift from Nemelex Xobeh
 34589 | Snake:2  | Noticed Asterion
 34603 | Snake:2  | Reached skill level 10 in Armour
 34606 | Snake:2  | Killed Asterion
 34606 | Snake:2  | Reached XP level 16. HP: 143/175 MP: 26/26
 34638 | Snake:2  | Reached skill level 5 in Dodging
 34750 | Snake:2  | Noticed a nagaraja
 34750 | Snake:2  | Noticed Vashnia
 34777 | Snake:2  | Killed a nagaraja
 35010 | Snake:2  | Killed Vashnia
 35186 | Snake:2  | Noticed Kirke
 35222 | Snake:2  | Killed Kirke
 35281 | Snake:2  | Received a gift from Nemelex Xobeh
 36644 | Snake:3  | Noticed a nagaraja
 36668 | Snake:3  | Killed a nagaraja
 36724 | Snake:3  | Reached XP level 17. HP: 86/187 MP: 27/27
 36826 | Snake:3  | Received a gift from Nemelex Xobeh
 36838 | Snake:3  | Found Saaxidof's Mass Market.
 37511 | Swamp:1  | Entered Level 1 of the Swamp
 37795 | Swamp:1  | Received a gift from Nemelex Xobeh
 39245 | Swamp:3  | Received a gift from Nemelex Xobeh
 39247 | Swamp:3  | Noticed Roxanne
 39617 | Swamp:3  | Noticed Louise
 39620 | Swamp:3  | Killed Louise
 40037 | Swamp:4  | Entered Level 4 of the Swamp
 40192 | Swamp:4  | Noticed a tentacled monstrosity
 40198 | Swamp:4  | Killed a tentacled monstrosity
 40198 | Swamp:4  | Reached skill level 15 in Invocations
 40636 | Swamp:4  | Noticed the 27-headed Lernaean hydra
 40637 | Swamp:4  | Killed the 27-headed Lernaean hydra
 40652 | Swamp:4  | Got a decaying rune of Zot
 40718 | Swamp:4  | Received a gift from Nemelex Xobeh
 40727 | Swamp:4  | Identified a scroll of acquirement
 40728 | Swamp:4  | Got a slimy robe
 40898 | Swamp:4  | Reached XP level 18. HP: 201/205 MP: 29/29
 41111 | Swamp:4  | Learned a level 1 spell: Apportation
 41113 | Swamp:4  | Learned a level 1 spell: Confusing Touch
 41118 | Swamp:4  | Learned a level 4 spell: Summon Lightning Spire
 41382 | Snake:4  | Entered Level 4 of the Snake Pit
 42284 | Snake:4  | Received a gift from Nemelex Xobeh
 43132 | Swamp:4  | Identified the +0 robe of Death's Door {rC++} (You acquired
                  | it on level 4 of the Swamp)
 43863 | Snake:4  | Identified the Catalogue of Air and Black Arts
 44415 | Snake:4  | Reached skill level 10 in Dodging
 44561 | Snake:4  | Got a serpentine rune of Zot
 44948 | Vaults:1 | Entered Level 1 of the Vaults
 45082 | Vaults:1 | Reached XP level 19. HP: 217/217 MP: 31/31
 45273 | Vaults:1 | Received a gift from Nemelex Xobeh
 46405 | Vaults:1 | Received a gift from Nemelex Xobeh
 46680 | Vaults:2 | Reached skill level 15 in Shields
 46754 | Vaults:2 | Received a gift from Nemelex Xobeh
 47647 | Vaults:2 | Received a gift from Nemelex Xobeh
 48994 | Vaults:3 | Received a gift from Nemelex Xobeh
 49036 | Vaults:3 | Found a staircase to the Crypt.
 49238 | Vaults:3 | Reached XP level 20. HP: 234/234 MP: 32/32
 50243 | Vaults:4 | Got a steaming bronze ring
 50245 | Vaults:4 | Identified the ring "Wotuiw" {*Slow +Fly rPois Dex+3} (You
                  | found it on level 4 of the Vaults)
 51262 | Vaults:4 | Reached XP level 21. HP: 187/248 MP: 34/34
 51439 | Vaults:4 | Received a gift from Nemelex Xobeh
 51567 | Vaults:4 | Found the +8 demon trident "Rift" {distort, reach+}
 52865 | D:15     | Found a staircase to the Depths.
 53004 | Depths:1 | Entered Level 1 of the Depths
 53192 | D:10     | Bought a runed scarf for 176 gold pieces
 54100 | Depths:1 | Found a gateway to Hell.
 54177 | Depths:1 | Received a gift from Nemelex Xobeh
 54894 | Depths:1 | Found a one-way gate leading to the halls of Pandemonium.
 55350 | Depths:2 | Reached XP level 22. HP: 259/265 MP: 36/36
 55491 | Depths:2 | Received a gift from Nemelex Xobeh
 56088 | Depths:2 | Noticed Saint Roka
 56120 | Depths:2 | Killed Saint Roka
 56446 | Depths:2 | Received a gift from Nemelex Xobeh
 57033 | Depths:2 | Received a gift from Nemelex Xobeh
 57316 | Depths:2 | Noticed a juggernaut
 57326 | Depths:2 | Killed a juggernaut
 57382 | Depths:2 | Found the +8 longbow "Zephyr" {speed, Dex+3 SInv}
 57392 | Depths:2 | Identified the +8 trident of Vanity {pierce, Fragile rC+
                  | rN+++ Str+4} (You found it on level 2 of the Depths)
 57601 | Depths:3 | Found a snail-covered altar of Cheibriados.
 57715 | Depths:3 | Received a gift from Nemelex Xobeh
 58251 | Depths:3 | Received a gift from Nemelex Xobeh
 58441 | Depths:3 | Reached XP level 23. HP: 250/279 MP: 38/38
 58972 | Depths:3 | Received a gift from Nemelex Xobeh
 59495 | Depths:4 | Found a one-way gate to the infinite horrors of the Abyss.
 59541 | Depths:4 | Noticed a juggernaut
 59552 | Depths:3 | Killed a juggernaut
 59582 | Depths:4 | Identified the +3 ring mail "Wonojoem" {rC++ rCorr Int+3
                  | Slay-4}
 59627 | Depths:4 | Noticed a golden dragon
 59648 | Depths:3 | Killed a golden dragon
 59784 | Depths:4 | Identified the +9 falchion of Action {pain, +Fly SInv}
 60298 | Depths:3 | Paralysed by something for 3 turns
 60675 | Depths:4 | Identified Suol Fea's Volume of Helpful Transmigration
 60752 | Depths:4 | Received a gift from Nemelex Xobeh
 60808 | Depths:4 | Paralysed by a floating eye for 2 turns
 60881 | Depths:4 | Found Larawuecvea's Gadget Shop.
 61290 | Depths:4 | Found Wimuecrirea's Jewellery Shop.
 61290 | Depths:4 | Found Miprascha's Gadget Shoppe.
 61291 | Depths:4 | Found Odeatonoid's Jewellery Shop.
 61484 | Depths:5 | Entered Level 5 of the Depths
 61484 | Depths:5 | Noticed Mennas
 61485 | Depths:5 | Identified the +4 demon trident of Bathoigg {drain, +Blink}
 61510 | Depths:5 | Killed Mennas
 61517 | Depths:5 | Found a gateway to a ziggurat.
 61615 | Depths:5 | Noticed a caustic shrike
 61617 | Depths:5 | Noticed a caustic shrike
 61617 | Depths:5 | Noticed a caustic shrike
 61618 | Depths:5 | Noticed a caustic shrike
 61860 | Depths:5 | Received a gift from Nemelex Xobeh
 62181 | D:10     | Bought a scroll of enchant weapon for 97 gold pieces
 62181 | D:10     | Bought a scroll of fog for 26 gold pieces
 62181 | D:10     | Bought a scroll of fog for 26 gold pieces
 62181 | D:10     | Bought a scroll of enchant armour for 97 gold pieces
 62181 | D:10     | Bought a scroll of fear for 45 gold pieces
 62184 | D:10     | Bought a scroll of enchant armour for 97 gold pieces
 62424 | Depths:4 | Killed a caustic shrike
 62424 | Depths:4 | Reached XP level 24. HP: 289/292 MP: 39/39
 62442 | Depths:4 | Killed a caustic shrike
 62443 | Depths:4 | a caustic shrike changed into a golden dragon
 62443 | Depths:4 | a caustic shrike changed into a quicksilver dragon
 63287 | Depths:5 | Noticed a juggernaut
 63309 | Depths:5 | Killed a juggernaut
 63346 | Depths:5 | Noticed a juggernaut
 63356 | Depths:5 | Killed a juggernaut
 63376 | Depths:5 | Received a gift from Nemelex Xobeh
 64197 | Depths:5 | Found a gate to the Realm of Zot.
 64344 | Depths:5 | Noticed a juggernaut
 64783 | Elf:1    | Entered Level 1 of the Elven Halls
 65036 | Elf:1    | Received a gift from Nemelex Xobeh
 65356 | Elf:1    | Gained mutation: Your body sometimes deteriorates upon
                  | taking damage. [a shining eye]
 65501 | Elf:1    | Received a gift from Nemelex Xobeh
 65888 | Elf:2    | Found a flickering gateway to a bazaar.
 65914 | Bazaar   | Entered a bazaar
 65914 | Bazaar   | Received a gift from Nemelex Xobeh
 65922 | Bazaar   | Found Weis's Gadget Shoppe.
 65930 | Bazaar   | Found Kiol's General Store.
 65941 | Bazaar   | Found Esyonemu's Distillery.
 65952 | Bazaar   | Found Doqasheh's Antique Weapon Emporium.
 65960 | Bazaar   | Found Jeiniut's Antique Armour Emporium.
 65990 | Bazaar   | Bought a scroll of teleportation for 27 gold pieces
 65990 | Bazaar   | Bought a potion of curing for 27 gold pieces
 66001 | Bazaar   | Bought a potion of magic for 72 gold pieces
 66001 | Bazaar   | Bought a potion of haste for 90 gold pieces
 66001 | Bazaar   | Bought a potion of curing for 27 gold pieces
 66001 | Bazaar   | Bought a potion of agility for 36 gold pieces
 66001 | Bazaar   | Bought a potion of haste for 90 gold pieces
 66001 | Bazaar   | Bought 2 potions of heal wounds for 90 gold pieces
 66001 | Bazaar   | Bought a potion of cancellation for 72 gold pieces
 66001 | Bazaar   | Bought a potion of ambrosia for 72 gold pieces
 66014 | Bazaar   | Bought a wand of scattershot (4) for 216 gold pieces
 66014 | Bazaar   | Bought a wand of acid (8) for 216 gold pieces
 66426 | Elf:2    | Found a runed translucent gate.
 66427 | Elf:2    | Found a runed translucent gate.
 66427 | Elf:2    | Found a runed translucent gate.
 66720 | D:10     | Bought a scroll of magic mapping for 49 gold pieces
 66720 | D:10     | Bought an uncursed ring of resist corrosion for 280 gold
                  | pieces
 66867 | Slime:1  | Entered Level 1 of the Pits of Slime
 67059 | Slime:2  | Received a gift from Nemelex Xobeh
 67090 | Slime:2  | Gained mutation: You are agile. (Dex +2) [a shining eye]
 67177 | Slime:1  | Reached XP level 25. HP: 285/301 MP: 39/39
 67863 | Slime:5  | Entered Level 5 of the Pits of Slime
 67922 | Slime:5  | Gained mutation: Your body often deteriorates upon taking
                  | damage. [a shining eye]
 68041 | Slime:3  | You fall through a shaft!
 68409 | Slime:1  | Received a gift from Nemelex Xobeh
 68409 | Slime:1  | Gained mutation: You occasionally shout uncontrollably at
                  | your foes. [a shining eye]
 69191 | Slime:5  | Found a viscous altar of Jiyva.
 69191 | Slime:5  | Noticed the Royal Jelly
 69206 | Slime:5  | Killed the Royal Jelly
 69227 | Slime:5  | Reached skill level 15 in Armour
 69385 | Slime:5  | Found the cursed +13 scythe of Curses {drain, *Curse}
 69405 | Slime:5  | Got a slimy rune of Zot
 69419 | Slime:5  | Got a steaming pewter amulet
 69420 | Slime:5  | Identified the amulet "Ukhlivaos" {+Rage Dex+5} (You found
                  | it on level 5 of the Pits of Slime)
 69485 | Slime:5  | Identified the ring of Uleeg {MP+9 Stlth+} (You found it on
                  | level 5 of the Pits of Slime)
 69940 | Zot:1    | Entered Level 1 of the Realm of Zot
 70063 | Zot:1    | Received a gift from Nemelex Xobeh
 70955 | Zot:2    | Reached XP level 26. HP: 296/312 MP: 40/40
 71773 | Zot:5    | Entered Level 5 of the Realm of Zot
 72123 | Zot:5    | Received a gift from Nemelex Xobeh
 72676 | Zot:5    | Reached skill level 27 in Invocations
 72986 | Zot:5    | Reached skill level 27 in Fighting
 73750 | Zot:5    | Noticed a Killer Klown
 73762 | Zot:5    | Noticed an ancient lich
 73796 | Zot:5    | Killed an ancient lich
 73896 | Zot:5    | Killed a Killer Klown
 74616 | Zot:5    | Noticed an ancient lich
 74652 | Zot:5    | Killed an ancient lich
 75121 | Zot:5    | Noticed an ancient lich
 75150 | Zot:5    | Killed an ancient lich
 75656 | Zot:5    | Noticed a Killer Klown
 75689 | Zot:5    | Killed a Killer Klown
 76778 | Zot:5    | Noticed a Killer Klown
 76789 | Zot:5    | Killed a Killer Klown
 77741 | Zot:5    | Noticed an orb of fire
 77804 | Zot:5    | Noticed an orb of fire
 77810 | Zot:5    | Noticed an ancient lich
 77813 | Zot:5    | Identified the +2 trident "Demonslayer" {vamp, rN+}
 77823 | Zot:5    | Killed an orb of fire
 77823 | Zot:5    | Reached XP level 27. HP: 271/323 MP: 40/40
 77833 | Zot:5    | Killed an orb of fire
 77844 | Zot:5    | Killed an ancient lich
 79914 | Zot:5    | Gained mutation: Scrolls take you a little longer to read.
                  | [a neqoxec]
 79920 | Zot:5    | Noticed an orb of fire
 79920 | Zot:5    | Noticed an orb of fire
 79922 | Zot:5    | Identified the -1 long sword "Xuutoodgh" {freeze, +Blink
                  | rF+ MR- SInv}
 79930 | Zot:5    | Killed an orb of fire
 79937 | Zot:5    | Banished an orb of fire
 79941 | Zot:5    | Noticed an orb of fire
 79941 | Zot:5    | Noticed an orb of fire
 79941 | Zot:5    | Noticed an orb of fire
 79944 | Zot:5    | Gained mutation: You tend to lose your temper in combat.
                  | [an orb of fire]
 79971 | Zot:5    | Killed an orb of fire
 79971 | Zot:5    | Killed an orb of fire
 79976 | Zot:5    | Gained mutation: You are weak. (Str -2) [an orb of fire]
 79978 | Zot:5    | Killed an orb of fire
 80534 | Zot:5    | Noticed an orb of fire
 80551 | Zot:5    | Killed an orb of fire
 80551 | Zot:5    | Reached skill level 15 in Dodging
 80726 | Zot:5    | Got the Orb of Zot
 81130 | D:11     | Noticed Tihy the pandemonium lord
 81285 | D:4      | Killed Blork the orc
 81367 | D:$      | Escaped with the Orb!

Skill      XL: |  1  2  3  4  5  6  7  8  9 10 11 12 13 14 15 16 17 18 19 20 21 22 23 24 25 26 27 |
---------------+----------------------------------------------------------------------------------+-----
Polearms       | 1 3 4 6 7 9 10 12 14 | 14.0
Fighting       | 2 4 5 7 9 10 11 12 14 15 16 17 18 19 21 22 24 26 27 | 27.0
Shields        | 1 2 3 4 6 7 8 9 10 11 12 13 14 15 | 15.0
Invocations    | 2 4 6 7 9 11 12 13 14 15 16 17 19 21 22 24 25 26 27 | 27.0
Armour         | 4 8 10 11 12 14 15 16 17 | 17.9
Dodging        | 4 6 8 10 13 15 | 15.1
Short Blades   | |  0.8
Stealth        | |  0.6
Evocations     | |  2.4

Action                   |  1- 3 |  4- 6 |  7- 9 | 10-12 | 13-15 | 16-18 | 19-21 | 22-24 | 25-27 || total
-------------------------+-------+-------+-------+-------+-------+-------+-------+-------+-------++-------
Melee: Spear             |   143 |    63 |   207 |       |       |       |       |       |       ||   413
       Mace              |     6 |       |       |       |       |       |       |       |       ||     6
       Unarmed           |    18 |       |     3 |       |       |     2 |       |       |       ||    23
       Whip              |       |       |   224 |   166 |       |       |       |       |       ||   390
       Trident           |       |       |     7 |   846 |  1576 |       |       |       |       ||  2429
       Demon trident     |       |       |       |       |       |  1382 |  1469 |  1617 |  1222 ||  5690
Throw: Javelin           |       |     3 |     7 |     7 |    31 |    39 |    24 |    12 |       ||   123
       Tomahawk          |       |       |     1 |     5 |       |       |       |       |       ||     6
       Throwing net      |       |       |       |     2 |       |       |       |       |     1 ||     3
 Cast: Apportation       |       |       |       |       |       |       |     1 |       |     1 ||     2
Invok: Stack Five        |       |       |       |       |       |       |     2 |       |       ||     2
       Triple Draw       |       |       |       |       |       |       |       |       |     2 ||     2
 Abil: Draw Destruction  |       |       |     8 |    12 |    32 |    15 |    16 |    15 |    22 ||   120
       Draw Summoning    |       |       |     4 |     6 |     3 |       |       |     5 |    10 ||    28
       Draw Escape       |       |       |     1 |       |       |     1 |     1 |       |     1 ||     4
       Draw Stack        |       |       |       |       |       |       |     4 |     1 |     1 ||     6
Evoke: Wand              |    11 |    18 |    13 |    28 |     8 |    13 |     1 |    15 |    10 ||   117
       Phantom mirror    |       |       |       |       |       |     1 |       |       |       ||     1
       Phial of floods   |       |       |       |       |       |       |       |     2 |       ||     2
       Lamp of fire      |       |       |       |       |       |       |       |     1 |       ||     1
  Use: Scroll            |     7 |     1 |     9 |    15 |     8 |    18 |     9 |    13 |    13 ||    93
       Potion            |     3 |       |     3 |     1 |     1 |     5 |     3 |     1 |    18 ||    35
 Stab: Sleeping          |       |     1 |     1 |     1 |       |       |       |       |       ||     3
       Distracted        |       |       |     3 |       |     2 |       |       |     2 |     1 ||     8
       Petrified         |       |       |     2 |       |     8 |       |       |       |       ||    10
       Held in net/web   |       |       |       |     1 |       |       |       |       |     1 ||     2
       Confused          |       |       |       |       |       |     3 |       |       |       ||     3
       Paralysed         |       |       |       |       |       |     5 |       |       |     2 ||     7
  Eat: Chunk             |     4 |     2 |    15 |    22 |    28 |    22 |    26 |    18 |       ||   137
       Ration            |       |     1 |     2 |     5 |     4 |     3 |     3 |     7 |    16 ||    41
Armor: Robe              |    35 |    10 |    64 |   108 |    21 |       |       |       |       ||   238
       Skin              |    13 |       |     1 |       |       |       |     9 |       |       ||    23
       Swamp dragon scal |       |       |       |       |   203 |   143 |   125 |     3 |       ||   474
       Quicksilver drago |       |       |       |       |       |       |       |    42 |       ||    42
       Storm dragon scal |       |       |       |       |       |       |       |   129 |   213 ||   342
Dodge: Dodged            |    56 |    26 |   183 |   123 |   164 |   235 |   203 |   175 |   185 ||  1350
Block: Large shield      |    11 |       |    41 |   551 |   973 |   877 |   954 |   939 |   772 ||  5118
       Reflection        |       |       |       |     7 |    48 |    96 |   169 |    94 |    18 ||   432
